 Seeded DCSS version 0.30-a0-358-g0d69a1922f (webtiles) character file.

Game seed: 8607917131626996879 (custom seed)

72 purpskrrrp the Shield-Bearer (level 4, 0/40 HPs)
             Began as a Minotaur Fighter on Nov 9, 2022.
             Was a Follower of Ru.
             Slain by a gnoll
             ... wielding a +3 vampiric spear
              (6 damage)
             ... on level 3 of the Dungeon.
             The game lasted 00:02:26 (1627 turns).

purpskrrrp the Shield-Bearer (Minotaur Fighter)     Turns: 1627, Time: 00:02:26

Health: 0/40       AC:  9    Str: 23    XL:     4   Next: 6%
Magic:  3/3        EV:  8    Int:  5    God:    Ru [*.....]
Gold:   163        SH:  4    Dex:  9    Spells: 3/3 levels left

rFire   . . .      SeeInvis .    a - +0 war axe
rCold   . . .      Faith    .    c - +0 buckler
rNeg    . . .      Spirit   .    m - +0 chain mail
rPois   .          Reflect  .    (helmet restricted)
rElec   .          Harm     .    l - scarf {shadows}
rCorr   .          Rampage  .    (no gloves)
Will    .....                    (no boots)
Stlth   ..........               (no amulet)
HPRegen 0.26/turn                (no ring)
MPRegen 0.08/turn                (no ring)

@: mighty
A: horns 2, no earth magic, no hexes magic, no necromancy magic, retaliatory
headbutt
a: Renounce Religion


You were on level 3 of the Dungeon.
You worshipped Ru.
Ru was aware of your devotion.
You visited 1 branch of the dungeon, and saw 3 of its levels.

You collected 163 gold pieces.

Inventory:

Hand Weapons
 a - a +0 war axe (weapon)
Armour
 b - a +0 scale mail
 c - a +0 buckler (worn)
 l - a scarf of shadows (worn)
 m - a +0 chain mail (worn)
Jewellery
 p - a +6 ring of intelligence
Scrolls
 f - a scroll of noise {unknown}
 g - 4 scrolls of identify {unknown}
 h - a scroll of poison {unknown}
 k - a scroll of fog {unknown}
 n - a scroll of teleportation {unknown}
 o - a scroll of enchant weapon {unknown}
 q - a scroll of magic mapping {unknown}
Potions
 e - 2 potions of curing {unknown}
 i - a potion of brilliance {unknown}


   Skills:
 + Level 3.9 Fighting
 * Level 3.6 Axes
 + Level 4.0 Armour
 * Level 2.0 Dodging
 + Level 4.0 Shields


You had 3 spell levels left.
You didn't know any spells.
Your spell library contained the following spells:

 Spells                   Type           Power      Damage    Failure   Level
 Slow                     Hex            Unusable   N/A       N/A         1
 Confusing Touch          Hex            Unusable   N/A       N/A         3
 Vampiric Draining        Necr           Unusable   2d6       N/A         3

Dungeon Overview and Level Annotations

Branches:
Dungeon (3/15)

Altars:
Ru


Innate Abilities, Weirdness & Mutations

You have a pair of horns on your head.
You cannot study or cast Earth magic.
You cannot study or cast Hexes magic.
You cannot study or cast Necromancy magic.
You reflexively headbutt those who attack you in melee.


Message History

You feel sick.
You feel sick.
You feel sick.
You feel sick.
You feel sick.
You feel sick.
You feel sick.
You are no longer poisoned.
Things that are here:
a +0 dagger; 3 poisoned darts You see here 3 stones. 2 gnolls come into view.
A gnoll is wielding a +1 vorpal spear.
The gnoll shouts!
There are monsters nearby!
There are monsters nearby!
There are monsters nearby!
A gnoll comes into view. It is wielding a +3 vampiric spear.
The gnoll shouts!
A gnoll comes into view. It is wielding a +0 halberd.
The gnoll hits you but does no damage.
You feel very mighty all of a sudden.
The gnoll hits you with a +1 vorpal spear.
You slash the gnoll!
You kill the gnoll!
The gnoll barely misses you. The gnoll hits you but does no damage.
The gnoll hits you from afar with a +3 vampiric spear!
The gnoll closely misses you. You furiously retaliate!
You headbutt the gnoll!
You kill the gnoll!
Your Armour skill increases to level 4!
Your Dodging skill increases to level 2!
You have reached level 4!
You feel stronger.
You see here a +1 vorpal spear.
The gnoll hits you with a +3 vampiric spear.
The gnoll hits you from afar with a +0 halberd!
* * * LOW HITPOINT WARNING * * *
You see here a +0 halberd.
You barely miss the gnoll. Your headbutt misses the gnoll.
The gnoll hits you with a +3 vampiric spear.
You die...

..# #.# #.# #.# #.#
#########.#####
#########..............
....gg@)........#.##...
#########.#####.#.##...
.................##... #
#########...#####.####...
#. ............#####.#
#...
#.#########..##...##....#
#...
.#.........#..##...##.####
#...
..........>..###...##.#
#...
.#.....###.#.......##.###
###.


You could see 2 gnolls.

Vanquished Creatures
  2 gnolls (D:3)
  An adder (D:2)
  A worm (D:3)
  An orc (D:3)
  4 ball pythons
  3 bats
  4 endoplasms
  2 giant cockroaches (D:1)
  4 hobgoblins
  A quokka (D:3)
  5 frilled lizards
  6 kobolds
  9 rats
43 creatures vanquished.

Notes
Turn   | Place    | Note
-------+----------+-------------------------------------------
     0 | D:1      | purpskrrrp the Minotaur Fighter began the quest for the
                  | Orb.
     0 | D:1      | Reached XP level 1. HP: 19/19 MP: 0/0
   133 | D:1      | Reached XP level 2. HP: 27/27 MP: 1/1
   417 | D:1      | Reached skill level 1 in Dodging
   801 | D:2      | Reached XP level 3. HP: 33/33 MP: 2/2
   888 | D:2      | Found a faded altar of an unknown god.
   929 | D:2      | Prayed at the altar of an unknown god.
   929 | D:2      | Became a worshipper of Ru the Awakened
   949 | D:2      | Gained mutation: You cannot study or cast Earth magic. [Ru
                  | sacrifice]
   949 | D:2      | Gained mutation: You cannot study or cast Hexes magic. [Ru
                  | sacrifice]
   949 | D:2      | Gained mutation: You cannot study or cast Necromancy magic.
                  | [Ru sacrifice]
   949 | D:2      | Reached * piety under Ru
  1626 | D:3      | Reached XP level 4. HP: 23/40 MP: 3/3
  1627 | D:3      | Slain by a gnoll

Illustrated notes

Levels and vault maps discovered:
D:1:      amcnicky_arrival_underground_garden, layout_basic
D:2:      layout_loops_ring, chequers_ecumenical_altar_island
D:3:      layout_basic, serial_bayou_crossing, uniq_natasha

Skill      XL: |  1  2  3 |
---------------+----------+-----
Dodging        | 1 2 |  2.0
Axes           | 3 |  3.6
Shields        | 4 |  4.0
Armour         | 4 |  4.0
Fighting       | |  3.9

Action                   |  1- 3 |  4- 6 || total
-------------------------+-------+-------++-------
Melee: War axe           |    74 |     1 ||    75
       Headbutt          |     8 |       ||     8
Throw: Throwing net      |     1 |       ||     1
Invok: Sacrifice Arcana  |     1 |       ||     1
  Use: Potion            |     1 |       ||     1
Armor: Scale mail        |    27 |       ||    27
       Chain mail        |    10 |       ||    10
Dodge: Dodged            |    36 |       ||    36
Block: Buckler           |    14 |       ||    14

Table legend: (Time is in decaauts)
 A = Elapsed time spent in this place.
 B = Non-inter-level travel time spent in this place.
 C = Inter-level travel time spent in this place.
 D = Time resting spent in this place.
 E = Time spent auto-exploring this place.
 F = Levels seen in this place.
 G = Mean time per level.
                   A        B        C        D        E       F      G
               +--------+--------+--------+--------+--------+-----+--------+
         Total |   1665 |   1603 |     62 |      0 |   1318 |   3 |  555.0 |
       Dungeon |   1665 |   1603 |     62 |      0 |   1318 |   3 |  555.0 |
               +--------+--------+--------+--------+--------+-----+--------+

Top non-repeatable levels by time:
     D:1: 765 daAuts
     D:2: 621 daAuts
     D:3: 278 daAuts
